 Dungeon Crawl Stone Soup version 0.22-a0-608-g8a62e23 (webtiles) character file.

28 Mamutox the Shield-Bearer (level 3, -7/36 HPs)
             Began as a Troll Fighter on July 9, 2018.
             Mangled by Sigmund
             ... wielding a +0 scythe
              (9 damage)
             ... on level 2 of the Dungeon.
             The game lasted 00:02:27 (1108 turns).

Mamutox the Shield-Bearer (Troll Fighter)           Turns: 1108, Time: 00:02:28

Health: -7/36      AC:  6    Str: 24    XL:     3   Next: 0%
Magic:  2/2        EV:  8    Int:  4    God:
Gold:   49         SH:  0    Dex: 10    Spells: 2/2 levels left

rFire    . . .     SeeInvis .   a - +0 flail
rCold    . . .     Gourm    +   c - +0 shield
rNeg     . . .     Faith    .   b - +0 robe
rPois    .         Spirit   .   (helmet restricted)
rElec    .         Reflect  .   h - +0 cloak
rCorr    .         Harm     .   (gloves unavailable)
MR       .....                  (boots unavailable)
Stlth    +.........             (no amulet)
HPRegen  0.52/turn              (no ring)
MPRegen  0.08/turn              (no ring)

@: confused
A: large, unfitting armour, claws 3, fast metabolism 3, gourmand, regeneration
1, shaggy fur 1, tough skin 2
a: no special abilities


You were on level 2 of the Dungeon.
You were full.

You visited 1 branch of the dungeon, and saw 2 of its levels.

You collected 49 gold pieces.

Inventory:

Hand Weapons
 a - a +0 flail (weapon)
Armour
 b - a +0 robe (worn)
 c - a +0 shield (worn)
 h - a +0 cloak (worn)
Scrolls
 e - 3 scrolls of teleportation {unknown}
 g - a scroll of enchant armour {unknown}
Potions
 d - a potion of might
 i - 2 potions of ambrosia {unknown}
 j - a potion of berserk rage {unknown}
 k - a potion of invisibility {unknown}
Comestibles
 f - 6 rations


   Skills:
 - Level 2.4 Fighting
 + Level 2.1 Maces & Flails
 - Level 2.4 Dodging
 + Level 0.1 Stealth
 + Level 3.2 Shields


You had 2 spell levels left.
You didn't know any spells.
Your spell library was empty.

Dungeon Overview and Level Annotations

Branches:
Dungeon (2/15)

Altars:

Annotations:
D:2 Sigmund


Innate Abilities, Weirdness & Mutations

You are too large for most types of armour.
You have claws for hands.
Your metabolism is lightning-fast.
You like to eat raw meat.
Your natural rate of healing is unusually fast.
You are covered in fur. (AC +1)
You have very tough skin. (AC +2)


Message History

Sigmund casts a spell at you.
You are confused.
The goblin hits you but does no damage. The kobold barely misses you.
The quokka bites you but does no damage.
Sigmund gestures at you while chanting. The puff of flame hits you!
* * * LOW HITPOINT WARNING * * *
You bump into the rock wall.
The quokka bites you but does no damage.
The goblin hits you with a dagger.
* * * LOW HITPOINT WARNING * * *
The kobold hits you but does no damage.
Sigmund points at you and mumbles some strange words.
The puff of flame misses you.
The puff of flame hits the kobold.
The kobold dies!
The quokka bites you but does no damage.
The goblin hits you with a dagger.
* * * LOW HITPOINT WARNING * * *
Sigmund hits you from afar with a scythe!
You die...

.# K. ## . # #. g#
....#####. ###. ..
........ #.. .#
#####. ##.###.#
#.....
##)g#...#######.####
$..##..@.@###.<.>...#
#.....r####..#######
#.......##..##
#.##.##....## # #..
####..>..... # .(..
......### # .....
######## # .##..# #
.. ######


You could see Sigmund, a quokka and a goblin.

Vanquished Creatures
  A worm (D:2)
  A leopard gecko (D:2)
  6 bats
  A giant cockroach (D:1)
  4 goblins (D:1)
  4 hobgoblins (D:1)
  3 frilled lizards (D:1)
  2 rats (D:1)
22 creatures vanquished.

Vanquished Creatures (others)
  A kobold (D:2)
1 creature vanquished.

Grand Total: 23 creatures vanquished

Notes
Turn   | Place    | Note
-------+----------+-------------------------------------------
     0 | D:1      | Mamutox the Troll Fighter began the quest for the Orb.
     0 | D:1      | Reached XP level 1. HP: 22/22 MP: 0/0
   175 | D:1      | Reached XP level 2. HP: 29/29 MP: 1/1
   362 | D:1      | Reached skill level 3 in Shields
  1056 | D:2      | Reached XP level 3. HP: 16/36 MP: 2/2
  1095 | D:2      | Noticed Sigmund
  1108 | D:2      | Mangled by Sigmund

Vault maps used:
D:1:      tarquinn_simple_flora_water_b, minmay_misc_feat_tiny,
          serial_bayou_pond_c, minivault_27
D:2:      marbit_many_paths, uniq_sigmund

Skill      XL: |  1  2 |
---------------+-------+-----
Shields        | 3 |  3.2
Maces & Flails | 2 |  2.1
Fighting       | |  2.4
Dodging        | |  2.4
Stealth        | |  0.1

Action                   || total
-------------------------++-------
Melee: Flail             ||    81
  Eat: Chunk             ||    13
Armor: Robe              ||    60
Dodge: Dodged            ||    44
Block: Shield            ||    58

Table legend:
 A = Spawn XP
 B = Non-spawn XP
 C = Spawn XP percentage of total XP
 D = Spawn monster count
 E = Non-spawn monster count
 F = Spawn count percentage of total count
 G = Total turns spent on level
                    A         B        C        D         E        F      G
               +---------+---------+-------+---------+---------+-------+---------
         Total |       0 |      41 |   0.0 |       0 |      22 |   0.0 |  1108
               +---------+---------+-------+---------+---------+-------+---------
           D:1 |       0 |      32 |   0.0 |       0 |      19 |   0.0 |   989
           D:2 |       0 |       9 |   0.0 |       0 |       3 |   0.0 |   119
               +---------+---------+-------+---------+---------+-------+---------
